 Dungeon Crawl Stone Soup version 0.27-a0-695-gb4952372f7 (webtiles) character file.

Game seed: 14198677617408470140

140 jasper the Magician (level 5, -2/28 HPs)
             Began as a Deep Elf Hedge Wizard on Mar 21, 2021.
             Killed by divine providence
             ... invoked by an orc priest
              (13 damage)
             ... on level 3 of the Dungeon.
             The game lasted 00:04:34 (2558 turns).

jasper the Magician (Deep Elf Hedge Wizard)         Turns: 2558, Time: 00:04:35

Health: -2/28      AC:  2    Str:  7    XL:     5   Next: 2%
Magic:  19/24      EV: 27    Int: 26    God:
Gold:   115        SH:  0    Dex: 14    Spells: 3/16 levels left

rFire    . . .     SeeInvis .   m - +2 dagger (speed)
rCold    . . .     Faith    .   (no shield)
rNeg     . . .     Spirit   .   b - +0 robe
rPois    .         Reflect  .   c - +0 hat
rElec    .         Harm     .   (no cloak)
rCorr    .         Rampage  .   (no gloves)
Will     .....                  (no boots)
Stlth    ++........             h - amulet of the acrobat
HPRegen  0.09/turn              o - +6 ring of intelligence
MPRegen  0.19/turn              p - ring of magical power

@: acrobatic
A: no striking features
a: no special abilities


You were on level 3 of the Dungeon.
You visited 1 branch of the dungeon, and saw 3 of its levels.

You collected 115 gold pieces.

Inventory:

Hand Weapons
 a - a +0 dagger
 m - a +2 dagger of speed (weapon)
Missiles
 f - 15 poisoned darts
 g - 44 arrows
Armour
 b - a +0 robe (worn)
 c - a +0 hat (worn)
Jewellery
 h - an amulet of the acrobat (around neck)
 o - a +6 ring of intelligence (right hand)
 p - a ring of magical power (left hand)
Scrolls
 d - 2 scrolls of identify {unknown}
 i - a scroll of vulnerability {unknown}
 j - a scroll of teleportation {unknown}
 n - 2 scrolls of enchant armour {unknown}
Potions
 e - a potion of haste {unknown}
 k - a potion of cancellation {unknown}
 l - a potion of curing {unknown}


   Skills:
 - Level 2.4 Dodging
 - Level 2.4 Stealth
 - Level 6.0 Spellcasting
 - Level 3.4 Conjurations
 + Level 0.9 Hexes
 - Level 1.1 Summonings
 + Level 1.4 Translocations
 + Level 0.8 Fire Magic
 + Level 0.5 Air Magic
 + Level 0.6 Poison Magic


You had 3 spell levels left.
You knew the following spells:

 Your Spells              Type           Power      Damage    Failure   Level
a - Magic Dart            Conj           100%       1d8       1%          1
b - Blink                 Tloc           N/A        N/A       6%          2
c - Call Imp              Summ           13%        N/A       7%          2
d - Mephitic Cloud        Conj/Pois/Air  15%        N/A       11%         3
e - Conjure Flame         Conj/Fire      18%        6-21      9%          3
f - Slow                  Hex            12%        N/A       7%          2

Your spell library contained the following spells:

 Spells                   Type           Power      Damage    Failure   Level


Dungeon Overview and Level Annotations

Branches:
Dungeon (3/15)

Altars:
Fedhas
Makhleb
Qazlal


Message History

n - 2 scrolls labelled RUTIRCHO HOKKI (gained 1)
A ball python comes into view.
Aiming: Magic Dart (safe; 1% risk of failure)
Press: ? - help, Q - select action, (/) - cycle Shift-Dir - straight line, f - ball python
Aim: a ball python (asleep, 0% to evade)
The magic dart hits the ball python.
You kill the ball python!
You now have 23/24 mp.
Found an escape hatch in the ceiling.
MP restored: 24
There is an open door here.
You now have 115 gold pieces (gained 9). 2 orcs and an orc priest come into view.
The orc priest is wielding a +0 mace of draining.
The orc shouts! x2
Casting: Magic Dart (safe; 1% risk of failure)
Confirm with . or Enter, or press ? or * to list all spells.
A shadowy apparition takes form in the air.
The orc priest shouts!
You now have 22/24 mp.
Casting: Call Imp (safe; 7% risk of failure)
Confirm with . or Enter, or press ? or * to list all spells.
A beastly little devil appears in a puff of flame.
You now have 20/24 mp.
Casting: Call Imp (safe; 7% risk of failure)
Confirm with . or Enter, or press ? or * to list all spells.
A beastly little devil appears in a puff of frigid air.
Your crimson imp hits the orc but does no damage.
You now have 18/24 mp.
Your crimson imp blinks!
The orc priest mumbles some strange prayers to Beogh against you.
Beogh smites you!
Ouch! That really hurt!
Your shadow imp hits the orc but does no damage.
You take 17 damage, and have 11/28 hp.
MASSIVE DAMAGE!!
The orc hits your shadow imp but does no damage.
Your shadow imp hits the orc.
The orc priest invokes the aid of Beogh against you.
Beogh smites you!
You die...

.#######............##
.......'...†..........
########..<.........###
#..............#
#..............#
#..............#
#..............####
####...............
#.###@......###
#.........###
#.........# #.......55#
#.########oo..... #.#
....... #'# o.o....
...5... .......


You could see an orc priest (ally target), 2 orcs, a friendly white imp
(summoned) and a friendly shadow imp (summoned).

Vanquished Creatures
  A hound (D:2)
  4 adders (D:2)
  A worm (D:3)
  3 leopard geckos
  6 bats
  4 giant cockroaches
  10 goblins
  9 hobgoblins
  9 kobolds
  2 quokkas
  3 ball pythons
  4 frilled lizards
  7 rats
63 creatures vanquished.

Vanquished Creatures (collateral kills)
  A goblin (D:2)
1 creature vanquished.

Grand Total: 64 creatures vanquished

Notes
Turn   | Place    | Note
-------+----------+-------------------------------------------
     0 | D:1      | jasper the Deep Elf Hedge Wizard began the quest for the
                  | Orb.
     0 | D:1      | Reached XP level 1. HP: 10/10 MP: 7/7
   184 | D:1      | Reached XP level 2. HP: 15/15 MP: 6/9
   187 | D:1      | Learned a level 2 spell: Blink
   224 | D:1      | Learned a level 2 spell: Call Imp
   697 | D:1      | Reached skill level 5 in Spellcasting
   869 | D:1      | Reached XP level 3. HP: 19/19 MP: 6/11
   873 | D:1      | Learned a level 3 spell: Mephitic Cloud
   877 | D:1      | Learned a level 3 spell: Conjure Flame
  1585 | D:2      | Reached XP level 4. HP: 24/24 MP: 2/13
  1667 | D:2      | Learned a level 2 spell: Slow
  1771 | D:2      | Reached skill level 6 in Spellcasting
  1880 | D:2      | Found a stormy altar of Qazlal.
  1920 | D:2      | Found a blossoming altar of Fedhas.
  2063 | D:2      | Found a burning altar of Makhleb.
  2306 | D:3      | Reached XP level 5. HP: 27/28 MP: 7/15
  2558 | D:3      | Killed from afar by an orc priest

Illustrated notes

Levels and vault maps discovered:
D:1:      dpeg_arrival_arbitrary_c, layout_basic, chequers_serial_rivers_marsh
D:2:      layout_rooms, grunt_temple_overflow_forces_of_nature,
          makhleb_heckhound_becter
D:3:      layout_basic, minmay_stone_trees_small

Skill      XL: |  1  2  3  4 |
---------------+-------------+-----
Conjurations   | 2 3 |  3.4
Spellcasting   | 5 6 |  6.0
Dodging        | |  2.4
Stealth        | |  2.4
Hexes          | |  0.9
Summonings     | |  1.1
Translocations | |  1.4
Fire Magic     | |  0.8
Air Magic      | |  0.5
Poison Magic   | |  0.6

Action                   |  1- 3 |  4- 6 || total
-------------------------+-------+-------++-------
 Cast: Magic Dart        |   100 |    45 ||   145
       Call Imp          |     2 |     4 ||     6
Armor: Robe              |     3 |     3 ||     6
Dodge: Dodged            |     5 |     3 ||     8

Table legend: (Time is in decaauts)
 A = Elapsed time spent in this place.
 B = Non-inter-level travel time spent in this place.
 C = Inter-level travel time spent in this place.
 D = Time resting spent in this place.
 E = Time spent auto-exploring this place.
 F = Levels seen in this place.
 G = Mean time per level.
                   A        B        C        D        E       F      G
               +--------+--------+--------+--------+--------+-----+--------+
         Total |   2557 |   2495 |     62 |    244 |   1941 |   3 |  852.3 |
       Dungeon |   2557 |   2495 |     62 |    244 |   1941 |   3 |  852.3 |
               +--------+--------+--------+--------+--------+-----+--------+

Top non-repeatable levels by time:
     D:1: 1302 daAuts
     D:2: 878 daAuts
     D:3: 376 daAuts
